 Dungeon Crawl Stone Soup version 0.19.5 (webtiles) character file.

839 snowfan the Destroyer (level 7, -8/36 HPs)
             Began as a Deep Elf Conjurer on Apr 10, 2017.
             Was a Follower of Vehumet.
             Killed by an exploding fulminant prism (30 damage)
             ... created by the player character
             ... on level 5 of the Dungeon on Apr 11, 2017.
             The game lasted 00:22:26 (6272 turns).

snowfan the Destroyer (Deep Elf Conjurer)           Turns: 6272, Time: 00:22:27

Health: -8/36      AC:  3    Str:  5    XL:     7   Next: 67%
Magic:  4/19       EV: 13    Int: 22    God:    Vehumet [*.....]
Gold:   41         SH:  0    Dex: 15    Spells: 4 memorised, 8 levels left

rFire  . . .     SeeInvis .     g - +0 short sword
rCold  . . .     Gourm    .     a - +0 robe
rNeg   . . .     Faith    .     (no shield)
rPois  +         Spirit   .     (no helmet)
rElec  .         Reflect  .     w - +0 cloak
rCorr  .         Harm     .     (no gloves)
MR     .....                    (no boots)
Stlth  ++........               (no amulet)
                                (no ring)
                                i - ring of poison resistance

@: no status effects
A: no striking features
a: Renounce Religion


You were on level 5 of the Dungeon.
You worshipped Vehumet.
Vehumet was aware of your devotion.
You were not hungry.

You visited 2 branches of the dungeon, and saw 6 of its levels.
You also visited: Sewer.

You collected 149 gold pieces.
You spent 108 gold pieces at shops.

Inventory:

Hand Weapons
 g - a +0 short sword (weapon)
Armour
 a - a +0 robe (worn)
 w - a +0 cloak (worn)
Jewellery
 i - a ring of poison resistance (left hand)
Wands
 C - a wand of digging (5/24)
Scrolls
 d - 3 scrolls of amnesia {unknown}
 h - a scroll of immolation {unknown}
 j - 4 scrolls of identify
 l - 3 scrolls of remove curse
 n - 4 scrolls of magic mapping {unknown}
 p - 2 scrolls of noise {unknown}
 q - 3 scrolls of teleportation
 r - 3 scrolls of fear {unknown}
 t - 2 scrolls of enchant weapon {unknown}
 v - a scroll of enchant armour {unknown}
 x - a scroll of random uselessness {unknown}
 y - 2 scrolls of fog {unknown}
 B - 4 scrolls of blinking {unknown}
Potions
 e - 2 potions of cancellation
 m - a potion of curing
 o - a potion of cure mutation
 u - a potion of might
 z - 3 potions of haste
Books
 b - a book of Conjurations

   Spells                             Type                      Level
   a - Magic Dart                     Conjuration                  1
   b - Searing Ray                    Conjuration                  2
   c - Dazzling Spray                 Conjuration/Hexes            3
   d - Fulminant Prism                Conjuration/Hexes            4
   e - Iskenderun's Mystic Blast      Conjuration                  4
   f - Iskenderun's Battlesphere      Conjuration/Charms           5
Comestibles
 c - 2 bread rations
 f - a beef jerky
 k - 2 meat rations
 s - 8 fruits


   Skills:
 - Level 2.4 Dodging
 - Level 2.4 Stealth
 + Level 7.0 Spellcasting
 * Level 8.2 Conjurations
 + Level 4.0 Hexes


You had 8 spell levels left.
You knew the following spells:

 Your Spells              Type           Power        Failure   Level  Hunger
a - Magic Dart            Conj           ####         1%          1    None
c - Iskenderun's Mystic   Conj           #####...     2%          4    ###....
d - Dazzling Spray        Conj/Hex       ####..       1%          3    None
x - Fulminant Prism       Conj/Hex       ####......   10%         4    ###....


Dungeon Overview and Level Annotations

Branches:
Dungeon (5/15)             Temple (1/1) D:5

Altars:
Ashenzari
Cheibriados
Dithmenos
Elyvilon
Fedhas
Gozag
Hepliaklqana
Kikubaaqudgha
Makhleb
Nemelex Xobeh
Okawaru
Qazlal
Ru
Sif Muna
Trog
Uskayaw
Vehumet
Xom
Yredelemnul
Zin
The Shining One

Shops:
D:4 ?


Message History

Casting: Magic Dart
Confirm with . or Enter, or press ? or * to list all spells.
Aiming: Fulminant Prism
Press: ? - help, Dir - move target cursor, p - giant cockroach You conjure a prism of explosive energy!
The centaur skeleton hits you! The giant cockroach barely misses you.
The giant cockroach bites your fulminant prism but does no damage.
Your fulminant prism crackles loudly.
The adder skeleton bites your fulminant prism.
Your fulminant prism explodes!
The blast of energy engulfs the giant cockroach.
You kill the giant cockroach!
Vehumet accepts your kill.
The blast of energy engulfs the adder skeleton.
The adder skeleton is severely damaged.
The blast of energy engulfs the centaur skeleton.
The centaur skeleton is almost destroyed.
The blast of energy engulfs you!
Ouch! That really hurt!
You die...

####### #.....#
#..†..#.....#...
#..#..#..#..#..#
#.Z#..#..#..#..#
#..#.....#.....#
#.Z#.....#.S...#
#.@################
#.)................
#..................
#..################
#..#Z....#....$#.r.
#..#.....#5....#...
#..#..#..#..#..#..#
#..#..#..#..#..#..#
#.....#.....#.....#


You could see 2 adder skeletons and a centaur skeleton.

Vanquished Creatures
  A phantom (D:5)
  A scorpion (D:5)
  2 vampire bats (D:5)
  A howler monkey (D:5)
  A crimson imp (D:5)
  A jelly (D:5)
  3 orc priests
  A centaur skeleton (D:5)
  3 worker ants
  A worker ant zombie (D:5)
  4 gnolls (D:3)
  14 adders
  5 oozes
  9 worms
  3 dart slugs
  3 leopard geckos
  7 orcs
  10 giant cockroaches
  8 goblins
  6 hobgoblins
  6 jackals
  2 quokkas
  3 ball pythons
  12 bats
  7 frilled lizards
  A jackal skeleton (D:5)
  14 kobolds
  7 rats
136 creatures vanquished.

Vanquished Creatures (others)
  2 fulminant prisms (D:5)
2 creatures vanquished.

Grand Total: 138 creatures vanquished

Notes
Turn   | Place    | Note
-------+----------+-------------------------------------------
     0 | D:1      | snowfan the Deep Elf Conjurer began the quest for the Orb.
     0 | D:1      | Reached XP level 1. HP: 10/10 MP: 6/6
   324 | D:1      | Reached XP level 2. HP: 10/15 MP: 0/8
   785 | D:1      | Reached skill level 5 in Conjurations
  1502 | D:1      | Reached XP level 3. HP: 19/19 MP: 8/10
  1676 | D:1      | Reached XP level 4. HP: 24/24 MP: 7/12
  2080 | D:2      | Found an opulent altar of Gozag.
  2547 | D:3      | Reached skill level 6 in Conjurations
  2666 | D:3      | Reached XP level 5. HP: 25/28 MP: 10/14
  2759 | D:3      | Reached skill level 5 in Spellcasting
  2888 | D:3      | Learned a level 4 spell: Fulminant Prism
  2892 | D:3      | Learned a level 3 spell: Dazzling Spray
  2897 | D:3      | Learned a level 4 spell: Iskenderun's Mystic Blast
  3071 | D:3      | Reached skill level 1 in Hexes
  3477 | D:4      | Found a blossoming altar of Fedhas.
  3477 | D:4      | Found a bloodstained altar of Trog.
  3590 | D:4      | Found a glowing drain.
  3694 | Sewer    | Entered a sewer
  3903 | Sewer    | Reached XP level 6. HP: 32/32 MP: 13/16
  4351 | D:4      | Found Uhiphist's Magic Scroll Emporium.
  4359 | D:4      | Bought a scroll of remove curse for 36 gold pieces
  4359 | D:4      | Bought 3 scrolls of identify for 72 gold pieces
  4746 | D:5      | Entered Level 5 of the Dungeon
  4815 | D:5      | Reached skill level 7 in Conjurations
  5141 | D:5      | Reached XP level 7. HP: 36/36 MP: 3/18
  5248 | D:5      | Found a staircase to the Ecumenical Temple.
  5257 | Temple   | Entered the Ecumenical Temple
  5443 | Temple   | Became a worshipper of Vehumet
  5889 | D:5      | Found a shadowy altar of Dithmenos.
  5890 | D:5      | Found a sacrificial altar of Ru.
  5891 | D:5      | Found a basalt altar of Yredelemnul.
  5894 | D:5      | Found an opulent altar of Gozag.
  5894 | D:5      | Found a hazy altar of Hepliaklqana.
  5914 | D:5      | Found a stormy altar of Qazlal.
  5919 | D:5      | Found a burning altar of Makhleb.
  6090 | D:5      | Reached skill level 8 in Conjurations
  6125 | D:5      | Reached * piety under Vehumet
  6125 | D:5      | Offered knowledge of Shock by Vehumet.
  6272 | D:5      | Killed by an exploding fulminant prism

Skill      XL: |  1  2  3  4  5  6  7 |
---------------+----------------------+-----
Conjurations   | 5 6 7 8 |  8.2
Spellcasting   | 4 5 6 7 |  7.0
Hexes          | 1 3 4 |  4.0
Dodging        | |  2.4
Stealth        | |  2.4

Action                   |  1- 3 |  4- 6 |  7- 9 || total
-------------------------+-------+-------+-------++-------
Melee: Unarmed           |    12 |       |       ||    12
       Short sword       |    22 |     2 |     3 ||    27
 Cast: Magic Dart        |    62 |   186 |    75 ||   323
       Dazzling Spray    |       |    14 |     4 ||    18
       Fulminant Prism   |       |       |     3 ||     3
       Iskenderun's Myst |       |       |     2 ||     2
  Use: Scroll            |       |     6 |       ||     6
       Potion            |       |     3 |       ||     3
 Stab: Sleeping          |     2 |       |       ||     2
       Distracted        |       |       |     1 ||     1
  Eat: Chunk             |     2 |    11 |     4 ||    17
Armor: Robe              |     8 |     8 |     6 ||    22
Dodge: Dodged            |    39 |    16 |    20 ||    75
